 Dungeon Crawl Stone Soup version 0.29-a0-993-g4a18f31a58 (webtiles) character file.

Game seed: 8989448185981648665

69 snetch the Chopper (level 4, 0/40 HPs)
             Began as a Minotaur Berserker on Aug 2, 2022.
             Was a Believer of Trog.
             Slain by a quokka (4 damage)
             ... on level 3 of the Dungeon.
             The game lasted 00:02:45 (830 turns).

snetch the Chopper (Minotaur Berserker)              Turns: 830, Time: 00:02:45

Health: 0/40       AC:  6    Str: 24    XL:     4   Next: 2%
Magic:  3/3        EV: 10    Int:  4    God:    Trog [**....]
Gold:   42         SH:  0    Dex:  9    Spells: 3/3 levels left

rFire   . . .      SeeInvis .   a - +0 hand axe
rCold   . . .      Faith    .   (no shield)
rNeg    . . .      Spirit   .   b - +0 scale mail
rPois   .          Reflect  .   (helmet restricted)
rElec   .          Harm     .   (no cloak)
rCorr   .          Rampage  .   (no gloves)
Will    ++...                   (no boots)
Stlth   ..........              (no amulet)
HPRegen 1.13/turn               (no ring)
MPRegen 0.08/turn               (no ring)

@: strong-willed (expiring), on berserk cooldown, regenerating (expiring),
slowed, very slow
A: horns 2, retaliatory headbutt
a: Renounce Religion, Berserk, Trog's Hand


You were on level 3 of the Dungeon.
You worshipped Trog.
Trog was pleased with you.
You visited 1 branch of the dungeon, and saw 3 of its levels.

You collected 42 gold pieces.

Inventory:

Hand Weapons
 a - a +0 hand axe (weapon)
Missiles
 f - 12 stones (quivered)
Armour
 b - a +0 scale mail (worn)
Jewellery
 e - a ring of fire
Scrolls
 h - a scroll of teleportation {unknown}
 j - a scroll of immolation {unknown}
 k - a scroll of noise {unknown}
Potions
 c - a potion of brilliance {unknown}
 d - 2 potions of curing {unknown}
 g - a potion of mutation {unknown}
 i - a potion of haste {unknown}


   Skills:
 + Level 4.2 Fighting
 + Level 4.9 Axes
 + Level 3.0 Armour
 + Level 2.7 Dodging


You had 3 spell levels left.
You didn't know any spells.
Your spell library was empty.

Dungeon Overview and Level Annotations

Branches:
Dungeon (3/15)

Altars:

Shops:
D:1 *

Annotations:
D:3 Robin


Innate Abilities, Weirdness & Mutations

You have a pair of horns on your head.
You reflexively headbutt those who attack you in melee.


Message History

You kill the quokka!
Trog accepts your kill.
You slash the goblin!
You kill the goblin!
Trog accepts your kill.
You slice the goblin!!
You kill the goblin!
Trog accepts your kill.
Unknown command.
You slash the goblin!
You kill the goblin!
Trog accepts your kill.
You barely miss the rat. The rat bites you but does no damage.
You have reached level 4!
You feel stronger.
You barely miss Robin. You closely miss the rat.
Unknown command.
You closely miss Robin. You hit the rat.
You kill the rat!
Trog accepts your kill.
You are no longer berserk.
You are exhausted.
You feel yourself slow down.
Robin says, "Duck!"
Robin zaps a wand.
The bolt of light hits you!
You hit Robin.
Robin is moderately wounded.
You closely miss the quokka. The quokka barely misses you.
Robin zaps a wand.
The bolt of light misses you. The quokka barely misses you.
Unknown command.
You hit Robin. Your headbutt misses Robin.
Robin is heavily wounded.
You hit the quokka.
You feel the effects of Trog's Hand fading.
Robin zaps a wand.
The bolt of light hits you!
The quokka bites you but does no damage.
Robin zaps a wand.
The bolt of light hits you!
* * * LOW HITPOINT WARNING * * *
The quokka bites you.
You die...

#.# #. .:.
.. . #.#
#. .#
..... ..
##.#. .#
... ..
##r#.#.#.#
#)@g......
##!#.#.#.#
... ..
##.#. .#
###.. # ..
..# ##


You could see Robin and a quokka.

Vanquished Creatures
  A gnoll (D:1)
  An adder (D:3)
  2 bats (D:1)
  2 endoplasms (D:1)
  A giant cockroach (D:1)
  16 goblins
  4 hobgoblins
  4 jackals (D:1)
  2 quokkas
  2 ball pythons
  A frilled lizard (D:1)
  3 kobolds (D:1)
  4 rats
43 creatures vanquished.

Vanquished Creatures (others)
  3 plants (D:1)
3 creatures vanquished.

Grand Total: 46 creatures vanquished

Notes
Turn   | Place    | Note
-------+----------+-------------------------------------------
     0 | D:1      | snetch the Minotaur Berserker began the quest for the Orb.
     0 | D:1      | Reached XP level 1. HP: 19/19 MP: 0/0
   103 | D:1      | Reached XP level 2. HP: 27/27 MP: 1/1
   291 | D:1      | Found Zunoigiz's Assorted Antiques.
   446 | D:1      | Reached XP level 3. HP: 33/33 MP: 2/2
   649 | D:1      | Reached ** piety under Trog
   658 | D:1      | Found a faded altar of an unknown god.
   809 | D:3      | Noticed Robin
   827 | D:3      | Reached XP level 4. HP: 40/40 MP: 3/3
   830 | D:3      | Slain by a quokka

Illustrated notes

Levels and vault maps discovered:
D:1:      dpeg_arrival_shrine, layout_rooms, serial_shops,
          nicolae_shop_overgrown_old_shop, chequers_ecumenical_altar_simple
D:2:      layout_basic, basic_altar, st_stairs_14, minmay_increasing_density,
          uniq_sigmund
D:3:      layout_loops_ring, st_stairs_11, uniq_robin

Skill      XL: |  1  2  3 |
---------------+----------+-----
Axes           | 4 |  4.9
Fighting       | 4 |  4.2
Armour         | 3 |  3.0
Dodging        | |  2.7

Action                   |  1- 3 |  4- 6 || total
-------------------------+-------+-------++-------
Melee: Hand axe          |    59 |     4 ||    63
       Headbutt          |     4 |       ||     4
       Punch             |     1 |       ||     1
Invok: Berserk           |     1 |       ||     1
       Trog's Hand       |     1 |       ||     1
Armor: Ring mail         |     3 |       ||     3
       Scale mail        |    24 |     1 ||    25
Dodge: Dodged            |    40 |     3 ||    43

Table legend: (Time is in decaauts)
 A = Elapsed time spent in this place.
 B = Non-inter-level travel time spent in this place.
 C = Inter-level travel time spent in this place.
 D = Time resting spent in this place.
 E = Time spent auto-exploring this place.
 F = Levels seen in this place.
 G = Mean time per level.
                   A        B        C        D        E       F      G
               +--------+--------+--------+--------+--------+-----+--------+
         Total |    833 |    766 |     67 |      0 |    480 |   3 |  277.7 |
       Dungeon |    833 |    766 |     67 |      0 |    480 |   3 |  277.7 |
               +--------+--------+--------+--------+--------+-----+--------+

Top non-repeatable levels by time:
     D:1: 712 daAuts
     D:2: 104 daAuts
     D:3: 16 daAuts
